TOP OF THE 1ST |
---|
Indian Hills Voodoo batting - Pitching for Roy Eagle Squadron : RHP John Ashe | Pitching: RHP John Ashe | | Batting: SHB Cisco Oliva | 0-0: Ground out U3 (Groundball, 34S) | Batting: RHB Joe LaFontaine | 0-0: Ball 1-0: SOLO HOME RUN (Flyball, 7LD), Distance : 365 ft | Batting: RHB César Heredia | 0-0: Called Strike 0-1: Swinging Strike 0-2: Ball 1-2: Ball 2-2: Foul Ball, location: 2F 2-2: Ball 3-2: Base on Balls | Batting: RHB Marvin Kidd | 0-0: Ball 1-0: Swinging Strike 1-1: Ball 2-1: Ball 3-1: Base on Balls César Heredia to second | Batting: RHB Dave McGuire | 0-0: Ball 1-0: Called Strike 1-1: Swinging Strike 1-2: Ball 2-2: Ball 3-2: DOUBLE (Line Drive, 89D) César Heredia scores Marvin Kidd to third Runner from 3rd tries for Home, SAFE, no throw | Batting: LHB Juan Sánchez | 0-0: Called Strike 0-1: Swinging Strike 0-2: Ball 1-2: Strikes out swinging | Batting: RHB William Knisley | 0-0: Swinging Strike 0-1: Foul Ball, location: 2F 0-2: Ball 1-2: SINGLE (Groundball, 6MD) Dave McGuire to third Runner from 3rd tries for Home, SAFE, throw made home | Batting: LHB José Castillo | 0-0: Ball 1-0: Fly out, F8 (Flyball, 8LD) | Top of the 1st over - 4 runs, 3 hits, 0 errors, 1 left on base; Indian Hills 4 - Roy 0 | BOTTOM OF THE 1ST |
---|
Roy Eagle Squadron batting - Pitching for Indian Hills Voodoo : RHP Miguel Muńóz | Pitching: RHP Miguel Muńóz | | Batting: LHB Pedro Camacho | 0-0: Ball 1-0: Ball 2-0: Ball 3-0: Called Strike 3-1: Ground out 6-3 (Groundball, 6) | Batting: RHB Carl Curry | 0-0: Ball 1-0: Ball 2-0: Foul Ball, location: 2F 2-1: Foul Ball, location: 2F 2-2: Ball 3-2: Strikes out swinging | Batting: RHB Enrique Soto | 0-0: Ball 1-0: Swinging Strike 1-1: SINGLE (Groundball, 6MD) | Batting: LHB Cisco Villanueva | 0-0: Ball 1-0: Called Strike 1-1: Foul Ball, location: 2F 1-2: Foul Ball, location: 2F 1-2: SINGLE (Groundball, 6D) Enrique Soto to second | Batting: RHB Gabriel Byram | 0-0: Foul Ball, location: 2F 0-1: Ground out 4-3 (Groundball, 4) | Bottom of the 1st over - 0 runs, 2 hits, 0 errors, 2 left on base; Indian Hills 4 - Roy 0 | TOP OF THE 2ND |
---|
Indian Hills Voodoo batting - Pitching for Roy Eagle Squadron : RHP John Ashe | Batting: RHB Norman Hopkins | 0-0: Called Strike 0-1: Ball 1-1: Ball 2-1: Swinging Strike 2-2: SINGLE (Groundball, 34D) | Batting: SHB Cisco Oliva | 0-0: Ball 1-0: Called Strike 1-1: Fly out, F5 (Popup, 5SF) | Batting: RHB Joe LaFontaine | 0-0: Called Strike 0-1: Foul Ball, location: 2F 0-2: Foul Ball, location: 2F 0-2: Ball 1-2: Ball 2-2: Ball 3-2: SINGLE (Line Drive, 6D) Norman Hopkins to second Norman Hopkins to third | Batting: RHB César Heredia | 0-0: Ball 1-0: Ball 2-0: Ball 3-0: Swinging Strike 3-1: Foul Ball, location: 2F 3-2: Strikes out swinging | Batting: RHB Marvin Kidd | 0-0: Called Strike 0-1: Ball 1-1: Fly out, F8 (Flyball, 8LXD) | Top of the 2nd over - 0 runs, 2 hits, 0 errors, 2 left on base; Indian Hills 4 - Roy 0 | BOTTOM OF THE 2ND |
---|
Roy Eagle Squadron batting - Pitching for Indian Hills Voodoo : RHP Miguel Muńóz | Batting: LHB Larry Bradley | 0-0: Foul Ball, location: 2F 0-1: Foul Ball, location: 2F 0-2: Foul Ball, location: 2F 0-2: Ball 1-2: Strikes out swinging | Batting: LHB Robinson González | 0-0: Swinging Strike 0-1: Ball 1-1: Called Strike 1-2: Foul Ball, location: 2F 1-2: Foul Ball, location: 2F 1-2: Foul Ball, location: 2F 1-2: Ground out 1-3 (Groundball, P) | Batting: RHB Mark Morris | 0-0: SINGLE (Line Drive, 78M) | Batting: RHB Juan Hernández | 0-0: Called Strike 0-1: Swinging Strike 0-2: Ball 1-2: SINGLE (Groundball, 6MD) Mark Morris to second Runner from 2nd tries for 3rd, SAFE, no throw | Batting: LHB Pedro Camacho | 0-0: Ground out 4-3 (Groundball, 4S) | Bottom of the 2nd over - 0 runs, 2 hits, 0 errors, 2 left on base; Indian Hills 4 - Roy 0 | TOP OF THE 3RD |
---|
Indian Hills Voodoo batting - Pitching for Roy Eagle Squadron : RHP John Ashe | Batting: RHB Dave McGuire | 0-0: Called Strike 0-1: Foul Ball, location: 2F 0-2: Foul Ball, location: 2F 0-2: Ball 1-2: Fly out, F3 (Popup, 3S) | Batting: LHB Juan Sánchez | 0-0: Foul Ball, location: 2F 0-1: Foul Ball, location: 2F 0-2: Ball 1-2: Foul Ball, location: 2F 1-2: Ground out 4-3 (Groundball, 34D) | Batting: RHB William Knisley | 0-0: Ball 1-0: Ball 2-0: Called Strike 2-1: Ground out 1-3 (Groundball, 13S) | Top of the 3rd over - 0 runs, 0 hits, 0 errors, 0 left on base; Indian Hills 4 - Roy 0 | BOTTOM OF THE 3RD |
---|
Roy Eagle Squadron batting - Pitching for Indian Hills Voodoo : RHP Miguel Muńóz | Batting: RHB Carl Curry | 0-0: Called Strike 0-1: Ball 1-1: Ball 2-1: Ball 3-1: Base on Balls | Batting: RHB Enrique Soto | 0-0: Called Strike 0-1: SINGLE (Line Drive, 6D) Carl Curry to second | Batting: LHB Cisco Villanueva | 0-0: Ball 1-0: Fly out, F5 (Popup, 5SF) | Batting: RHB Gabriel Byram | 0-0: Foul Ball, location: 2F 0-1: Fly out, F4 (Line Drive, 4M) | Batting: LHB Larry Bradley | 0-0: SINGLE (Flyball, 8LS) Carl Curry to third Enrique Soto to second Runner from 3rd tries for Home, SAFE, no throw | Batting: LHB Robinson González | 0-0: Fly out, F7 (Line Drive, 7) | Bottom of the 3rd over - 1 run, 2 hits, 0 errors, 2 left on base; Indian Hills 4 - Roy 1 | TOP OF THE 4TH |
---|
Indian Hills Voodoo batting - Pitching for Roy Eagle Squadron : RHP John Ashe | Batting: LHB José Castillo | 0-0: Ball 1-0: Swinging Strike 1-1: Called Strike 1-2: Foul Ball, location: 2F 1-2: Foul Ball, location: 2F 1-2: Foul Ball, location: 2F 1-2: Strikes out swinging | Batting: RHB Norman Hopkins | 0-0: Ball 1-0: Fly out, F4 (Popup, 4S) | Batting: SHB Cisco Oliva | 0-0: Ball 1-0: Fly out, F5 (Line Drive, 56) | Top of the 4th over - 0 runs, 0 hits, 0 errors, 0 left on base; Indian Hills 4 - Roy 1 | BOTTOM OF THE 4TH |
---|
Roy Eagle Squadron batting - Pitching for Indian Hills Voodoo : RHP Miguel Muńóz | Batting: RHB Mark Morris | 0-0: Ball 1-0: Called Strike 1-1: Ground out 6-3 (Groundball, 6) | Batting: RHB Juan Hernández | 0-0: Ground out 1-3 (Groundball, P) | Batting: LHB Pedro Camacho | 0-0: Ball 1-0: SINGLE (Line Drive, 9S) | Batting: RHB Carl Curry | 0-0: Ball 1-0: Ball 2-0: Called Strike 2-1: Ball 3-1: Called Strike 3-2: SINGLE (Line Drive, 6M) Pedro Camacho to second Pedro Camacho to third | Batting: RHB Enrique Soto | 0-0: Called Strike 0-1: Swinging Strike 0-2: Ball 1-2: Foul Ball, location: 2F 1-2: Foul Ball, location: 2F 1-2: Ball 2-2: Foul Ball, location: 2F 2-2: Foul Ball, location: 2F 2-2: SINGLE (Line Drive, 8LS) Pedro Camacho scores Carl Curry to second Runner from 2nd tries for 3rd, SAFE, no throw | Batting: LHB Cisco Villanueva | 0-0: Ball 1-0: Ball 2-0: Ball 3-0: Base on Balls Enrique Soto to second | Pitching: RHP Luis Manuel Marshall | | Batting: RHB Gabriel Byram | 0-0: Ball 1-0: Fly out, F7 (Flyball, 7S) | Bottom of the 4th over - 1 run, 3 hits, 0 errors, 3 left on base; Indian Hills 4 - Roy 2 | TOP OF THE 5TH |
---|
Indian Hills Voodoo batting - Pitching for Roy Eagle Squadron : RHP John Ashe | Batting: RHB Joe LaFontaine | 0-0: Swinging Strike 0-1: Ball 1-1: Foul Ball, location: 2F 1-2: Strikes out swinging | Batting: RHB César Heredia | 0-0: Ball 1-0: Called Strike 1-1: Ball 2-1: Foul Ball, location: 2F 2-2: Fly out, F5 (Popup, 5SF) | Batting: RHB Marvin Kidd | 0-0: Ground out 5-3 (Groundball, 56S) | Top of the 5th over - 0 runs, 0 hits, 0 errors, 0 left on base; Indian Hills 4 - Roy 2 | BOTTOM OF THE 5TH |
---|
Roy Eagle Squadron batting - Pitching for Indian Hills Voodoo : RHP Luis Manuel Marshall | Batting: LHB Larry Bradley | 0-0: Called Strike 0-1: Fly out, F7 (Line Drive, 78D) | Batting: LHB Robinson González | 0-0: Ball 1-0: Called Strike 1-1: Swinging Strike 1-2: Ball 2-2: Strikes out looking | Batting: RHB Mark Morris | 0-0: Foul Ball, location: 2F 0-1: Ball 1-1: Swinging Strike 1-2: Ball 2-2: DOUBLE (Flyball, 8LXD) | Batting: RHB Juan Hernández | 0-0: Fly out, F8 (Line Drive, 8LS) | Bottom of the 5th over - 0 runs, 1 hit, 0 errors, 1 left on base; Indian Hills 4 - Roy 2 | TOP OF THE 6TH |
---|
Indian Hills Voodoo batting - Pitching for Roy Eagle Squadron : RHP John Ashe | Batting: RHB Dave McGuire | 0-0: Ball 1-0: Foul Ball, location: 2F 1-1: Foul Ball, location: 2F 1-2: Ball 2-2: Foul Ball, location: 2F 2-2: Fly out, F2 (Popup, 2RF) | Batting: LHB Juan Sánchez | 0-0: Called Strike 0-1: Foul Ball, location: 2F 0-2: Foul Ball, location: 2F 0-2: Ball 1-2: Ball 2-2: SINGLE (Line Drive, 4MD) | Batting: RHB William Knisley | 0-0: Ball 1-0: Swinging Strike 1-1: Ball 2-1: Fly out, F6 (Line Drive, 6M) | Batting: LHB José Castillo | 0-0: Ball 1-0: Ball 2-0: Called Strike 2-1: Called Strike 2-2: Ball 3-2: Foul Ball, location: 2F 3-2: Strikes out looking | Top of the 6th over - 0 runs, 1 hit, 0 errors, 1 left on base; Indian Hills 4 - Roy 2 | BOTTOM OF THE 6TH |
---|
Roy Eagle Squadron batting - Pitching for Indian Hills Voodoo : RHP Luis Manuel Marshall | Batting: LHB Pedro Camacho | 0-0: Called Strike 0-1: Called Strike 0-2: Ball 1-2: Strikes out swinging | Batting: RHB Carl Curry | 0-0: Ball 1-0: Bunted foul 1-1: Called Strike 1-2: Ball 2-2: SOLO HOME RUN (Flyball, 7LD), Distance : 362 ft | Batting: RHB Enrique Soto | 0-0: Called Strike 0-1: SOLO HOME RUN (Line Drive, 7LD), Distance : 348 ft | Batting: LHB Cisco Villanueva | 0-0: Ball 1-0: Foul Ball, location: 2F 1-1: Foul Ball, location: 2F 1-2: Ground out 6-3 (Groundball, 6MS) | Batting: RHB Gabriel Byram | 0-0: Ball 1-0: Ball 2-0: Ball 3-0: Base on Balls | Batting: LHB Larry Bradley | 0-0: Ball Gabriel Byram is caught stealing 2nd base | Bottom of the 6th over - 2 runs, 2 hits, 0 errors, 0 left on base; Indian Hills 4 - Roy 4 | TOP OF THE 7TH |
---|
Indian Hills Voodoo batting - Pitching for Roy Eagle Squadron : RHP John Ashe | Pitching: LHP Júlio Ariza | | Batting: RHB Norman Hopkins | 0-0: DOUBLE (Line Drive, 7LM) | Pinch Hitting: RHB José Torres | 0-0: Intentional Walk | Batting: RHB Joe LaFontaine | 0-0: Foul Ball, location: 2F 0-1: Ball 1-1: Ball 2-1: SINGLE (Groundball, 6MD) Norman Hopkins to third José Torres to second | Batting: RHB César Heredia | 0-0: Called Strike 0-1: Ball 1-1: Foul Ball, location: 2F 1-2: Ball 2-2: Grounds into fielders choice 6-2 (Groundball, 6) José Torres to third Joe LaFontaine to second | Batting: RHB Marvin Kidd | 0-0: Ball 1-0: Called Strike 1-1: Foul Ball, location: 2F 1-2: Strikes out looking | Batting: RHB Dave McGuire | 0-0: Ball 1-0: Swinging Strike 1-1: Swinging Strike 1-2: Ball 2-2: Ball 3-2: Strikes out swinging | Top of the 7th over - 0 runs, 2 hits, 0 errors, 3 left on base; Indian Hills 4 - Roy 4 | BOTTOM OF THE 7TH |
---|
Roy Eagle Squadron batting - Pitching for Indian Hills Voodoo : RHP Luis Manuel Marshall | Now at SS: Ricardo García | | Pinch Hitting: LHB Quinn Webb | 0-0: DOUBLE (Line Drive, 89D) | Batting: LHB Robinson González | 0-0: Intentional Walk | Pitching: RHP Calvin Bickly | | Pinch Hitting: LHB Octávio Otero | 0-0: Ball 1-0: Ball 2-0: Ball 3-0: Called Strike 3-1: Swinging Strike 3-2: SINGLE (Line Drive, 7S) Quinn Webb to third Robinson González to second Runner from 3rd tries for Home, SAFE, no throw | Pinch Hitting: RHB Dan Duckworth | 0-0: Fly out, F7 (Flyball, 78S) | Batting: LHB Pedro Camacho | 0-0: Ball 1-0: Fielders Choice at 2nd, 4-6 (Groundball, 4) Robinson González to third | Batting: RHB Carl Curry | 0-0: Swinging Strike 0-1: Ball 1-1: Foul Ball, location: 2F 1-2: Ball 2-2: Ground out 5-3 (Groundball, 56) | Bottom of the 7th over - 1 run, 2 hits, 0 errors, 2 left on base; Indian Hills 4 - Roy 5 | TOP OF THE 8TH |
---|
Indian Hills Voodoo batting - Pitching for Roy Eagle Squadron : LHP Júlio Ariza | Now at 3B: Ryan Campbell | | Now at SS: Eduardo Medina | | Now in LF: Quinn Webb | | Batting: LHB Juan Sánchez | 0-0: Ball 1-0: Foul Ball, location: 2F 1-1: Ball 2-1: Foul Ball, location: 2F 2-2: Foul Ball, location: 2F 2-2: SINGLE (Groundball, 23) (infield hit) | Pitching: RHP Wes Meeks | | Batting: RHB William Knisley | 0-0: Foul Ball, location: 2F 0-1: Ball 1-1: Grounds into double play, 4-6-3 (Groundball, 4) | Batting: LHB José Castillo | 0-0: Fly out, F9 (Flyball, 9) | Top of the 8th over - 0 runs, 1 hit, 0 errors, 0 left on base; Indian Hills 4 - Roy 5 | BOTTOM OF THE 8TH |
---|
Roy Eagle Squadron batting - Pitching for Indian Hills Voodoo : RHP Calvin Bickly | Batting: RHB Enrique Soto | 0-0: Ball 1-0: Ball 2-0: Ground out 5-3 (Groundball, 56) | Batting: LHB Cisco Villanueva | 0-0: Ball 1-0: Called Strike 1-1: Foul Ball, location: 2F 1-2: SOLO HOME RUN (Flyball, 9D), Distance : 389 ft | Batting: RHB Gabriel Byram | 0-0: Ball 1-0: Ball 2-0: SINGLE (Groundball, 56) (infield hit) | Batting: LHB Quinn Webb | 0-0: Ball 1-0: SINGLE (Flyball, 78M) Gabriel Byram to second | Batting: LHB Robinson González | 0-0: Swinging Strike 0-1: Ball 1-1: Ball 2-1: Foul Ball, location: 2F 2-2: Ball 3-2: Foul Ball, location: 2F 3-2: Foul Ball, location: 2F 3-2: Strikes out swinging | Pinch Hitting: LHB Michael Edwards | 0-0: Swinging Strike 0-1: Called Strike 0-2: Strikes out looking | Bottom of the 8th over - 1 run, 3 hits, 0 errors, 2 left on base; Indian Hills 4 - Roy 6 | TOP OF THE 9TH |
---|
Indian Hills Voodoo batting - Pitching for Roy Eagle Squadron : RHP Wes Meeks | Pitching: RHP Danny Owen | | Now at 3B: Allen King | | Batting: RHB Norman Hopkins | 0-0: Swinging Strike 0-1: Ball 1-1: Ball 2-1: Ball 3-1: Called Strike 3-2: Strikes out swinging | Batting: RHB Ricardo García | 0-0: Called Strike 0-1: Foul Ball, location: 2F 0-2: Foul Ball, location: 2F 0-2: Ball 1-2: Strikes out swinging | Batting: RHB Joe LaFontaine | 0-0: Ball 1-0: Foul Ball, location: 2F 1-1: Ground out 6-3 (Groundball, 6) | Top of the 9th over - 0 runs, 0 hits, 0 errors, 0 left on base; Indian Hills 4 - Roy 6 | |